 Dungeon Crawl Stone Soup version 0.30.0-5-g1a98f26d00 (webtiles) character file.

Game seed: 15213033135847043773

8172 sasquatch the Severer (level 11, -4/127 HPs)
             Began as an Ogre Berserker on May 9, 2023.
             Was a Priest of Trog.
             Slain by a catoblepas (8 damage)
             ... while petrified by a catoblepas
             ... on level 8 of the Dungeon.
             The game lasted 00:10:54 (8144 turns).

sasquatch the Severer (Ogre Berserker)              Turns: 8144, Time: 00:10:54

Health: -4/127     AC:  4    Str: 27    XL:     11   Next: 26%
Magic:  11/11      EV:  1    Int:  8    God:    Trog [***...]
Gold:   569        SH:  0    Dex:  8    Spells: 10/10 levels left

rFire   . . .        a - +0 hand axe
rCold   . . .        (no shield)
rNeg    + + +        b - +0 animal skin
rPois   ∞            (helmet restricted)
rElec   .            w - +0 cloak
rCorr   +            (gloves unavailable)
SInv    .            (boots unavailable)
Will    +....        (no amulet)
Stlth   +            m - ring of resist corrosion
HPRegen 0.41/turn    o - ring of poison resistance
MPRegen 0.12/turn

%: no passive effects
@: petrified, on berserk cooldown, slowed
A: large, unfitting armour, tough skin 1
a: Renounce Religion, Berserk, Trog's Hand


You were on level 8 of the Dungeon.
You worshipped Trog.
Trog was most pleased with you.
You visited 1 branch of the dungeon, and saw 8 of its levels.

You collected 569 gold pieces.

Inventory:

Hand Weapons
 a - a +0 hand axe (weapon)
 h - a +1 short sword of venom
 B - a +0 battleaxe
Missiles
 d - a curare-tipped dart (quivered)
 f - 13 javelins
 x - 24 poisoned darts
 A - a throwing net
Armour
 b - a +0 animal skin (worn)
 w - a +0 cloak (worn)
Jewellery
 m - a ring of resist corrosion (left hand)
 o - a ring of poison resistance (right hand)
Wands
 q - a wand of iceblast (7)
 s - a wand of flame (22)
Scrolls
 c - 2 scrolls of torment
 g - 4 scrolls of teleportation
 k - 2 scrolls of amnesia {unknown}
 p - 2 scrolls of blinking {unknown}
 r - 2 scrolls of enchant weapon
 u - 2 scrolls of fog {unknown}
 v - 2 scrolls of magic mapping {unknown}
 y - a scroll of butterflies
 D - a scroll of enchant armour
Potions
 e - 3 potions of attraction
 i - 2 potions of lignification
 j - 2 potions of might
 l - 5 potions of curing
 n - a potion of heal wounds {unknown}
 t - 2 potions of brilliance {unknown}
 z - a potion of resistance {unknown}


   Skills:
 + Level 13.6 Fighting
 - Level 16.0 Axes
 - Level 2.6 Dodging


You had 10 spell levels left.
You didn't know any spells.
Your spell library was empty.

Dungeon Overview and Level Annotations

Branches:
Dungeon (8/15)             Temple (0/1) D:7
   Lair: D:8-11

Altars:
Ashenzari
Elyvilon
Makhleb
Nemelex Xobeh
Ru
Vehumet
Xom
Zin

Shops:
D:4 :   D:5 *

Annotations:
D:6 exclusion: statue
D:7 2 transporters, bungle's ghost, novice MiBe


Innate Abilities, Weirdness & Mutations

You are too large for most types of armour.
You have tough skin. (AC +1)


Message History

You feel yourself moving faster!
You feel mighty!
The catoblepas breathes a plume of calcifying dust at you.
The blast of calcifying dust hits you!
You barely miss the catoblepas.
You are engulfed in calcifying dust.
You are slowing down.
The catoblepas gores you but does no damage.
Unknown command.
You slash the catoblepas!
The catoblepas is lightly wounded.
The catoblepas gores you!
Your limbs are stiffening.
Unknown command.
You slash the catoblepas!
The catoblepas is moderately wounded.
Unknown command.
You hit the catoblepas.
The catoblepas is moderately wounded.
The catoblepas gores you!!
You have turned to stone.
The catoblepas gores you!!
* * * LOW HITPOINT WARNING * * *
The catoblepas breathes a plume of calcifying dust at you.
The blast of calcifying dust hits you.
* * * LOW HITPOINT WARNING * * *
You are engulfed in calcifying dust.
The catoblepas gores you!
* * * LOW HITPOINT WARNING * * *
You are engulfed in calcifying dust.
The catoblepas gores you!!
* * * LOW HITPOINT WARNING * * *
You are engulfed in calcifying dust.
The catoblepas gores you!
* * * LOW HITPOINT WARNING * * *
You are engulfed in calcifying dust.
The catoblepas gores you!!
* * * LOW HITPOINT WARNING * * *
The catoblepas gores you but does no damage.
The catoblepas gores you!
* * * LOW HITPOINT WARNING * * *
You are no longer berserk.
You feel yourself slow down.
A wight comes into view. It is wielding a +0 scimitar.
The catoblepas gores you!
* * * LOW HITPOINT WARNING * * *
The catoblepas gores you!
You die...

....⌠...)†..#
♣.###########)♣#
♣.......)...♣♣
#####♣.♣######## ###
#.....# ♣...#♣♣.♣♣
#♣...♣#♣♣♣♣.#♣.♣.♣#
#.♣.♣.#.....#.♣♣♣.#
#♣.).♣#.♣♣♣♣#♣.♣.♣#
#..@..#.....#♣♣.♣♣
##♣Y♣##♣♣♣♣.#♣#.#♣
#.z{..#[....##:#.##
.'.)8..))♣♣♣...#8#.#
♣.#..<..#[....##.#.##
♣ ##♣'♣##♣♣♣♣.#♣#.#♣
♣.♣ #.....#♣♣.♣♣
#♣♣.♣♣#.♣♣♣♣#♣.♣.♣#
#..♣[.#.....#.♣♣♣.#


You could see a catoblepas and a wight.

Vanquished Creatures
  A deep elf pyromancer (D:8)
  A wraith (D:8)
  A yak (D:8)
  A steam dragon (D:8)
  Edmund (D:4)
  2 water moccasins (D:7)
  2 ice beasts
  An orc warrior (D:8)
  2 ogres (D:5)
  2 black bears
  2 centaurs
  A phantom (D:6)
  3 kobold brigands
  A gnoll sergeant (D:7)
  5 bullfrogs
  7 wights
  A killer bee (D:8)
  2 howler monkeys
  3 hounds
  2 jellies
  A gnoll bouda (D:6)
  3 orc priests
  3 iguanas
  2 orc wizards (D:8)
  A sleepcap (D:7)
  10 gnolls
  10 adders
  A shadow imp (D:6)
  2 white imps
  An ufetubus (D:4)
  2 worms (D:3)
  17 orcs
  7 ball pythons
  8 endoplasms
  A giant cockroach (D:1)
  8 goblins
  5 hobgoblins
  14 kobolds
  2 quokkas
  5 bats
  4 frilled lizards
  4 rats
152 creatures vanquished.

Vanquished Creatures (others)
  A troll (D:8)
1 creature vanquished.

Grand Total: 153 creatures vanquished

Notes
Turn   | Place    | Note
-------+----------+-------------------------------------------
     0 | D:1      | sasquatch the Ogre Berserker began the quest for the Orb.
     0 | D:1      | Reached XP level 1. HP: 24/24 MP: 1/1
   216 | D:1      | Reached XP level 2. HP: 3/32 MP: 2/2
   437 | D:1      | Reached skill level 4 in Axes
   525 | D:1      | Reached XP level 3. HP: 39/39 MP: 3/3
  1351 | D:2      | Found a broken altar of Ashenzari.
  1358 | D:2      | Identified the +11 short sword of Ossewon {freeze, Fly
                  | rElec rPois Will-}
  1521 | D:2      | Reached XP level 4. HP: 46/48 MP: 4/4
  1949 | D:3      | Reached skill level 5 in Axes
  2077 | D:3      | Reached ** piety under Trog
  2421 | D:3      | Found a burning altar of Makhleb.
  2677 | D:4      | Found a sacrificial altar of Ru.
  2682 | D:4      | Reached XP level 5. HP: 54/54 MP: 5/5
  2803 | D:4      | Found a sparkling altar of Nemelex Xobeh.
  2861 | D:4      | Found Qedomom's Book Shop.
  2884 | D:4      | Noticed an ice beast
  2896 | D:4      | Killed an ice beast
  2897 | D:4      | Reached skill level 6 in Axes
  2897 | D:4      | Reached XP level 6. HP: 62/62 MP: 6/6
  3176 | D:4      | Found a white marble altar of Elyvilon.
  3225 | D:4      | Noticed Edmund
  3234 | D:4      | Killed Edmund
  3235 | D:4      | Reached skill level 7 in Axes
  3339 | D:4      | Found a shimmering altar of Xom.
  3397 | D:5      | Entered Level 5 of the Dungeon
  3422 | D:5      | Reached XP level 7. HP: 61/70 MP: 7/7
  3633 | D:5      | Reached skill level 8 in Axes
  4008 | D:5      | Found Woamn's Assorted Antiques.
  4028 | D:5      | Reached skill level 9 in Axes
  4401 | D:5      | Reached XP level 8. HP: 78/78 MP: 8/8
  4621 | D:6      | Reached skill level 10 in Axes
  4915 | D:6      | Found a radiant altar of Vehumet.
  4919 | D:6      | Found a glowing silver altar of Zin.
  5038 | D:6      | Reached skill level 11 in Axes
  5427 | D:6      | Reached skill level 13 in Axes
  5427 | D:6      | Reached XP level 9. HP: 105/105 MP: 9/9
  5428 | D:6      | Reached skill level 16 in Axes
  5428 | D:6      | Reached XP level 10. HP: 114/114 MP: 10/10
  5970 | D:7      | Reached *** piety under Trog
  6062 | D:7      | Found a staircase to the Ecumenical Temple.
  6459 | D:7      | Noticed bungle's ghost (novice MiBe)
  6460 | D:7      | Found a transporter.
  6460 | D:7      | Noticed a moth of wrath
  6727 | D:7      | Found a transporter.
  6766 | D:7      | Reached XP level 11. HP: 98/111 MP: 11/11
  7517 | D:8      | Noticed a deep elf pyromancer
  7820 | D:8      | Killed a deep elf pyromancer
  8128 | D:8      | Noticed a catoblepas
  8142 | D:8      | HP: 9/190 [catoblepas (4)]
  8143 | D:8      | HP: 3/127 [catoblepas (3)]
  8144 | D:8      | Slain by a catoblepas

Illustrated notes

Levels and vault maps discovered:
D:1:      wheals_arrival_shading, layout_basic, minivault_5
D:2:      layout_loops_ring, basic_altar
D:3:      layout_loops_ring, lightli_temple_of_fire
D:4:      layout_rooms, lemuel_doored_altar, nicolae_ru_sacrificial_ziggurat,
          nemelex_xobeh_ov_fountains_minmay, mainiacjoe_overflow_cross_hatched,
          serial_shops, shop, minmay_fractal_squares_5, uniq_edmund
D:5:      layout_basic, serial_shops, shop_coins
D:6:      layout_basic, vehumet_statue, mainiacjoe_overflow_six_doors_small,
          nrook_mini_backslash
D:7:      layout_loops_corners, minmay_temple_entry_fiery,
          gammafunk_ghost_berserking_beasts
D:8:      nzn_winding_woodlands_stair_cross [nzn_winding_woodlands_5x15_twine,
          nzn_winding_woodlands_center_diamonds,
          nzn_winding_woodlands_5x15_sidewinder,
          nzn_winding_woodlands_5x5_cross, nzn_winding_woodlands_hourglass,
          nzn_winding_woodlands_5x15_eye, nzn_winding_woodlands_center_garden,
          nzn_winding_woodlands_5x15_longhouse], layout_loops_ring,
          david_lair_generic

Skill      XL: |  1  2  3  4  5  6  7  8  9 10 11 |
---------------+----------------------------------+-----
Axes           | 4 5 6 7 9 13 16 | 16.0
Fighting       | 11 12 13 | 13.6
Dodging        | |  2.6

Action                     |  1- 3 |  4- 6 |  7- 9 | 10-12 || total
---------------------------+-------+-------+-------+-------++-------
  Melee: Hand axe          |    75 |   148 |   135 |   269 ||   627
         Punch             |       |       |     3 |     6 ||     9
  Throw: Dart              |       |     2 |       |       ||     2
 Invoke: Berserk           |     3 |     5 |     6 |     7 ||    21
  Evoke: Wand              |       |       |       |     1 ||     1
    Use: Scroll            |       |       |     8 |     4 ||    12
         Potion            |       |       |     2 |       ||     2
 Armour: Animal skin       |    20 |    36 |    33 |    27 ||   116
  Dodge: Dodged            |    36 |    60 |    60 |    83 ||   239
